 Dungeon Crawl Stone Soup version 0.27.1-33-g824d729ab1 (console) character file.

Game seed: 2616532111009134989

12 Banquo the Shield-Bearer (level 2, 0/25 HPs)
             Began as a Djinni Fighter on Dec 22, 2021.
             Slain by an endoplasm (3 damage)
             ... on level 1 of the Dungeon.
             The game lasted 00:01:22 (348 turns).

Banquo the Shield-Bearer (Djinni Fighter)            Turns: 348, Time: 00:01:22

Health: 0/25       AC:  7    Str: 15    XL:     2   Next: 45%
Gold:   47         EV:  6    Int:  9    God:
                   SH:  8    Dex: 12

rFire    + + .     SeeInvis .   a - +0 war axe
rCold    x . .     Faith    .   i - +0 kite shield
rNeg     . . .     Spirit   .   d - +0 scale mail
rPois    ∞         Reflect  .   h - +0 helmet
rElec    .         Harm     .   (no cloak)
rCorr    .         Rampage  .   (no gloves)
Will     .....                  (boots unavailable)
Stlth    ..........             (no amulet)
HPRegen  0.08/turn              (no ring)
MPRegen  0.00/turn              (no ring)

@: flying
A: sickness immunity, fire resistance 2, cold vulnerability 1, float, innate
caster, hp casting, extra vitality 1
a: no special abilities


You were on level 1 of the Dungeon.
You visited 1 branch of the dungeon, and saw 1 of its levels.

You collected 47 gold pieces.

Inventory:

Hand Weapons
 a - a +0 war axe (weapon)
Armour
 d - a +0 scale mail (worn)
 h - a +0 helmet (worn)
 i - a +0 kite shield (worn)
Scrolls
 e - a scroll of vulnerability {unknown}
 f - a scroll of holy word {unknown}
 g - a scroll of teleportation {unknown}
Potions
 b - a potion of might
 c - a potion of brilliance {unknown}


   Skills:
 - Level 3.0 Fighting
 + Level 2.4 Axes
 - Level 3.0 Armour
 - Level 3.0 Shields


You had one spell level left.
You didn't know any spells.
Your spell library was empty.

Dungeon Overview and Level Annotations

Branches:
Dungeon (1/15)

Altars:


Innate Abilities, Weirdness & Mutations

You are immune to sickness and miasma.
You are immune to poison.
Your flesh is very heat resistant. (rF++)
You are vulnerable to cold. (rC-)
You float through the air rather than walking.
You learn spells naturally, not from books.
Your magical power is your life essence.
You have superior vitality. (+4 HP)


Message History

The kobold hits you with a +2 short sword of venom. x2
You hit the kobold but do no damage. You block the kobold's attack.
The kobold barely misses you.
You closely miss the kobold.
The kobold throws a stone.
The stone closely misses you. The bat hits you but does no damage.
The bat hits you.
You miss the bat. You block the bat's attack. You block the kobold's attack.
The kobold throws a stone.
You block the stone.
An endoplasm comes into view.
The endoplasm quivers.
The kobold barely misses you.
The endoplasm moves out of view.
You closely miss the kobold. The kobold hits you but does no damage.
You block the kobold's attack.
You miss the kobold. You block the kobold's attack.
You barely miss the kobold. You block the kobold's attack.
The kobold hits you but does no damage.
You hit the kobold.
The kobold is moderately wounded.
The kobold barely misses you.
The kobold hits you with a +0 short sword.
You barely miss the kobold.
The kobold is moderately wounded.
You block the kobold's attack.
You closely miss the kobold.
The kobold is moderately wounded.
The kobold hits you with a +0 short sword.
The kobold hits you but does no damage.
You hit the kobold.
You kill the kobold!
The bat closely misses you.
You hit the endoplasm.
The endoplasm is severely wounded.
The endoplasm freezes you.
You are frozen!
You feel a terrible chill!
* * * LOW HITPOINT WARNING * * *
You block the endoplasm's attack.
Your shield prevents you from hitting the endoplasm.
The endoplasm is severely wounded.
The endoplasm hits you.
You die...

..........>.+ ........
...# ...#...# ...#
...#...# ...# ####...#
#..# ####...###..##+# #
............##.# .###
...#........##.####....#
...#..........bJ@...#
..###......###K######
..# #......##...# ..#
#...........+ ###
#...........#
####.###......#
...........####
....._.........
.....$..........


You could see an endoplasm, a bat and a kobold.

Vanquished Creatures
  A dart slug (D:1)
  A ball python (D:1)
  3 endoplasms (D:1)
  A giant cockroach (D:1)
  A hobgoblin (D:1)
  2 kobolds (D:1)
9 creatures vanquished.

Notes
Turn   | Place    | Note
-------+----------+-------------------------------------------
     0 | D:1      | Banquo the Djinni Fighter began the quest for the Orb.
     0 | D:1      | Reached XP level 1. HP: 20/20 MP: 0/0
   250 | D:1      | Reached XP level 2. HP: 25/25 MP: 0/0
   309 | D:1      | Found a faded altar of an unknown god.
   348 | D:1      | Slain by an endoplasm

Illustrated notes

Levels and vault maps discovered:
D:1:      lightli_arrival_noodles, layout_basic,
          ebering_ecumenical_altar_abandoned, chequers_arboretum,
          minmay_pentomino_r4

Skill      XL: |  1 |
---------------+----+-----
Axes           | 2 |  2.4
Fighting       | |  3.0
Armour         | |  3.0
Shields        | |  3.0

Action                   || total
-------------------------++-------
Melee: War axe           ||    30
Armor: Scale mail        ||    12
Dodge: Dodged            ||    11
Block: Kite shield       ||    15
